cohdb
Replays
Latest Replays
All Replays
Popular Replays
Top Player Replays
Match Explorer
How It Works
Community
CoH3 Stats
Reddit
Sign in to upload your games and track your stats! →
Sign in with Steam
Match 42314836
Unlisted
Match 42314836
Overview
Messages
Build Orders
End
Kettenkrad Recon Vehicle
Construct Infanterie Kompanie
Selects Italian Coastal Battlegroup
Selects Coastal Reserves
GrW 34 Mortar Team
MG 42 Machine Gun Team
Grenadier Squad
Grenadier Squad
Construct Panzergrenadier Kompanie
251 Medium Carrier
Pak 40 Anti-tank Gun Team
Selects Support Bunkers
Panzergrenadier Squad
Panzergrenadier Officer Quarters
MG 42 Bunker
Support Elements
MG 42 Bunker
Nebelwerfer 42 Rocket Launcher Team
Panzergrenadier Squad
Selects Artillery Officer
Nebelwerfer 42 Rocket Launcher Team
Construct Panzer Kompanie
Panzergrenadier Squad
Selects Coastal Wall
Panzer IV Medium Tank
Panzer IV Medium Tank
Panzer Officer Quarters
Side Skirts
Doom&Gloom
Hummel
Mustache and Melons
Anavrin
[DGM] Miloolim
Kirione
Dylan Il Bellissimo Arrogante
Mastermarius
0
0
Comments
sign in to comment!
No comments posted yet!